AoeStats
← Abadengo

Black Forest

510959369Analyzed
4v4 RM · 4h ago on Oct 3, 2026· 46m 30s· 8 players
Game mode
Random Map
Map size
Large (8 player)
Population
200
Speed
Normal
Resources
Standard
Victory
Conquest
Starting age
Dark Age
Ending age
Imperial Age
RankedLock teamsTeams togetherTeam positionsShared explorationLock speedFull tech treeHidden civsTurbo modeCheats
Victory
Defeat
🇨🇳 Lithuanians · China
1294
+18
🇦🇺 Gurjaras · Australia
1290
+18
🇹🇷 Persians · Türkiye
1255
+19
🇨🇳 Britons · China
1243
+20
🇩🇪 Cumans · Germany
1390
-22
🇹🇼 Britons · Taiwan
1324
-18
🇦🇪 Persians · United Arab Emirates
1316
-18
🇹🇼 Celts · Taiwan
1284
-17
Abadengo
12:37 Feudal Age
13:47 Double-Bit Axe
15:33 Fishing Lines
18:07 Castle Age
18:01 Wheelbarrow
19:30 Loom
19:56 Gillnets
20:49 Bow Saw
22:25 Hand Cart
24:10 Gold Mining
27:05 Gold Shaft Mining
29:25 Imperial Age
27:39 Stone Mining
28:01 Horse Collar
29:33 Coinage
29:08 Heavy Plow
30:47 Chemistry
29:52 Scale Mail Armor
29:59 Scale Barding Armor
30:04 Forging
30:59 Chain Barding Armor
31:37 Crop Rotation
32:10 Two-Man Saw
31:42 Conscription
31:35 Elite War Elephant
33:12 Plate Barding Armor
33:45 Banking
33:36 Husbandry
33:47 Bloodlines
34:36 Iron Casting
37:07 Light Cavalry
37:54 Hussar
41:21 Pikeman
42:01 Squires
42:36 Scale Mail Armor
43:37 Blast Furnace
42:35 Halberdier
43:33 Chain Mail Armor
IAMDAGG
1:05 Loom
11:49 Feudal Age
16:52 Castle Age
16:27 Double-Bit Axe
19:00 Gold Mining
19:02 Stone Mining
22:17 Fletching
23:11 Bodkin Arrow
29:17 Imperial Age
27:48 Fishing Lines
27:57 Town Watch
28:16 Padded Archer Armor
33:33 Conscription
35:45 Ballistics
37:04 Bracer
39:15 Chemistry
38:36 Leather Archer Armor
40:03 Warwolf
41:38 Bow Saw
42:00 Ring Archer Armor
43:41 Scale Mail Armor
43:52 Forging
44:47 Two-Man Saw
43:32 Horse Collar
45:12 Chain Mail Armor
44:21 Pikeman
45:02 Squires
45:41 Halberdier
bimurock
0:39 Loom
11:50 Feudal Age
13:27 Wheelbarrow
18:37 Castle Age
16:58 Fletching
17:51 Gold Mining
17:52 Stone Mining
18:21 Forging
18:12 Scale Mail Armor
18:02 Double-Bit Axe
18:08 Horse Collar
18:48 Town Watch
19:44 Bow Saw
20:21 Heavy Plow
28:10 Bodkin Arrow
31:36 Iron Casting
30:56 Stronghold
35:02 Hand Cart
35:33 Gold Shaft Mining
35:34 Stone Shaft Mining
36:28 Ballistics
36:19 Fortified Wall
38:33 Chain Mail Armor
39:48 Murder Holes
40:04 Masonry
40:22 Pikeman
40:48 Arson
40:49 Gambesons
44:48 Imperial Age
45:11 Halberdier
otherguy
3:38 Loom
9:46 Feudal Age
11:15 Double-Bit Axe
14:02 Horse Collar
20:17 Castle Age
19:22 Fishing Lines
20:27 Wheelbarrow
21:50 Stone Mining
23:09 Fletching
23:19 Padded Archer Armor
23:45 Bodkin Arrow
24:48 Leather Archer Armor
24:53 Bow Saw
24:47 Gillnets
28:51 Imperial Age
27:02 Hand Cart
27:10 Ballistics
29:01 Scale Barding Armor
29:27 Bloodlines
29:37 Forging
30:39 Chemistry
30:12 Ring Archer Armor
30:22 Elite Steppe Lancer
31:33 Chain Barding Armor
31:25 Heavy Plow
33:39 Light Cavalry
36:04 Plate Barding Armor
36:09 Hussar
38:37 Iron Casting
38:02 Scale Mail Armor
37:33 Pikeman
38:13 Squires
39:12 Crop Rotation
40:20 Chain Mail Armor
40:00 Gold Mining
40:43 Cavalier
45:24 Paladin
STDofBelisarius
7:02 Loom
10:47 Feudal Age
13:37 Double-Bit Axe
16:17 Castle Age
14:52 Fishing Lines
18:51 Bow Saw
20:25 Scale Barding Armor
22:33 Gold Mining
24:08 Horse Collar
25:27 Forging
26:32 Wheelbarrow
27:47 Hand Cart
28:23 Bloodlines
29:01 Gillnets
29:10 Gold Mining
29:12 Stone Mining
29:51 Chain Barding Armor
31:33 Iron Casting
34:22 Imperial Age
34:23 Husbandry
34:36 Cavalier
36:14 Plate Barding Armor
36:59 Conscription
36:41 Paladin
37:29 Pikeman
38:09 Squires
38:22 Scale Mail Armor
38:24 Hill Forts
38:27 Tower Shields
37:49 Light Cavalry
39:07 Caravan
38:46 Halberdier
39:44 Chain Mail Armor
42:26 Fletching
43:29 Coinage
42:48 Winged Hussar
43:26 Bodkin Arrow
Silver_Storm
0:50 Loom
12:46 Feudal Age
16:38 Castle Age
14:32 Double-Bit Axe
17:18 Fishing Lines
18:30 Bow Saw
20:43 Gillnets
21:23 Horse Collar
26:06 Wheelbarrow
26:10 Gold Mining
26:10 Stone Mining
26:10 Gold Mining
29:22 Imperial Age
27:57 Fletching
28:08 Padded Archer Armor
28:50 Bodkin Arrow
29:22 Ballistics
29:09 Husbandry
29:19 Bloodlines
29:31 Elite Elephant Archer
30:33 Heavy Plow
31:34 Conscription
31:49 Frontier Guards
32:11 Bracer
32:22 Thumb Ring
36:02 Chemistry
36:18 Heavy Camel Rider
37:31 Scale Barding Armor
37:26 Scale Mail Armor
39:16 Chain Barding Armor
39:07 Forging
40:00 Caravan
42:18 Light Cavalry
43:07 Hussar
46:04 Crop Rotation
skarrf
1:32 Loom
11:19 Feudal Age
13:36 Town Watch
16:26 Castle Age
14:35 Double-Bit Axe
15:11 Fishing Lines
18:08 Bow Saw
21:12 Wheelbarrow
24:04 Gillnets
24:09 Stone Mining
25:41 Gold Mining
26:28 Hand Cart
30:11 Imperial Age
29:18 Fletching
29:54 Bodkin Arrow
31:26 Conscription
32:16 Bracer
33:17 Chemistry
33:16 Padded Archer Armor
33:17 Scale Mail Armor
33:42 Siege Engineers
33:59 Ballistics
34:59 Chain Mail Armor
34:46 Squires
35:53 Conscription
35:00 Pikeman
36:14 Plate Mail Armor
35:55 Forging
36:42 Hoardings
36:30 Yeomen
38:22 Two-Man Saw
38:01 Conscription
38:25 Halberdier
39:42 Iron Casting
39:22 Leather Archer Armor
39:48 Warwolf
39:57 Arrowslits
40:24 Masonry
40:25 Fortified Wall
41:13 Elite Longbowman
42:20 Caravan
43:59 Gold Shaft Mining
43:19 Arson
44:07 Ring Archer Armor
44:37 Blast Furnace
44:20 Guilds
44:43 Coinage
46:43 Banking
47:15 Architecture
emre_gul19
6:20 Loom
8:59 Feudal Age
10:08 Wheelbarrow
9:22 Double-Bit Axe
18:50 Castle Age
17:47 Horse Collar
18:25 Stone Mining
18:24 Fishing Lines
19:29 Bow Saw
19:34 Heavy Plow
24:22 Hand Cart
24:51 Gillnets
26:09 Town Watch
26:42 Gold Mining
27:58 Gold Shaft Mining
28:01 Stone Shaft Mining
31:37 Imperial Age
30:04 Town Patrol
30:15 Forging
30:11 Scale Barding Armor
30:07 Padded Archer Armor
29:57 Fletching
31:06 Husbandry
31:17 Bloodlines
31:11 Kamandaran
31:59 Ballistics
32:03 Chain Barding Armor
32:30 Iron Casting
32:30 Crop Rotation
33:04 Two-Man Saw
32:37 Conscription
32:27 Thumb Ring
31:43 Crossbowman
32:11 Light Cavalry
34:00 Chemistry
33:24 Leather Archer Armor
33:05 Bodkin Arrow
33:41 Hussar
35:09 Plate Barding Armor
37:10 Conscription
38:09 Blast Furnace
37:39 Ring Archer Armor
38:22 Scale Mail Armor
38:58 Pikeman
39:39 Squires
39:24 Gambesons
39:25 Arson
42:03 Chain Mail Armor
43:47 Plate Mail Armor
43:44 Caravan
44:04 Halberdier
Connection lost

Rejoining the realm…

Still unreachable

The connection could not be restored.

Session expired

The server has moved on; the page needs a fresh start.